 Dungeon Crawl Stone Soup version 0.22-a0-362-g535178c (webtiles) character file.

1039 dstrtnsr the Chiller (level 8, -6/59 HPs)
             Began as a Gnoll Ice Elementalist on Apr 22, 2018.
             Was a Follower of Elyvilon (penitent).
             Killed by divine providence
             ... invoked by an orc priest
              (13 damage)
             ... on level 8 of the Dungeon.
             The game lasted 00:13:36 (1748 turns).

dstrtnsr the Chiller (Gnoll Ice Elementalist)       Turns: 1748, Time: 00:13:36

Health: -6/59      AC:  3    Str: 10    XL:     8   Next: 24%
Magic:  12/16      EV: 15    Int: 20    God:    Elyvilon [*]
Gold:   103        SH:  0    Dex: 16    Spells: 10/18 levels left

rFire    . . .     SeeInvis .   i - +2 dagger (venom)
rCold    . . .     Gourm    .   q - +0 buckler
rNeg     . . .     Faith    .   a - +0 robe
rPois    .         Spirit   .   (no helmet)
rElec    .         Reflect  .   (no cloak)
rCorr    .         Harm     .   (no gloves)
MR       .....                  (no boots)
Stlth    +.........             p - amulet of magic regeneration
HPRegen  0.19/turn              (no ring)
MPRegen  0.40/turn              (no ring)

@: confused, lethally poisoned (-6 -> -14), about to teleport, protection
A: distributed training, fangs 1, rugged brown scales 1, blink, strong nose
a: Blink, Renounce Religion


You were on level 8 of the Dungeon.
You worshipped Elyvilon.
Elyvilon was demanding penance.
You were very hungry.

You visited 2 branches of the dungeon, and saw 9 of its levels.

You collected 103 gold pieces.

Inventory:

Hand Weapons
 e - a +2 dagger of protection
 i - a +2 dagger of venom (weapon)
 l - a +4 dagger of draining
Missiles
 h - 18 bolts
 r - a throwing net (quivered) {!f}
Armour
 a - a +0 robe (worn)
 q - a +0 buckler (worn)
Jewellery
 p - an amulet of magic regeneration (around neck)
Wands
 M - a wand of polymorph (21)
Scrolls
 b - a scroll of teleportation {!d}
 d - 2 scrolls of immolation {!r}
 g - a scroll of random uselessness {unknown}
 j - a scroll of amnesia {unknown}
 m - a scroll of blinking
 s - a scroll of fear
 t - a scroll of remove curse {@r2}
Potions
 n - a potion of flight
 o - a potion of degeneration {!q}
Comestibles
 c - 9 rations {!d}


   Skills:
 + Level 3.0 Fighting
 + Level 3.0 Short Blades
 + Level 3.0 Long Blades
 + Level 3.0 Axes
 + Level 3.0 Maces & Flails
 + Level 3.0 Polearms
 + Level 3.0 Staves
 + Level 3.0 Slings
 + Level 3.0 Bows
 + Level 3.0 Crossbows
 + Level 3.0 Throwing
 + Level 3.0 Armour
 + Level 5.5 Dodging
 + Level 5.2 Stealth
 + Level 3.0 Shields
 + Level 3.0 Unarmed Combat
 + Level 5.9 Spellcasting
 + Level 3.3 Conjurations
 + Level 2.4 Hexes
 + Level 2.4 Charms
 + Level 2.4 Summonings
 + Level 2.4 Necromancy
 + Level 2.4 Translocations
 + Level 2.4 Transmutations
 + Level 2.4 Fire Magic
 + Level 6.0 Ice Magic
 + Level 2.4 Air Magic
 + Level 2.4 Earth Magic
 + Level 2.4 Poison Magic
 + Level 3.3 Invocations
 + Level 3.0 Evocations


You had 10 spell levels left.
You knew the following spells:

 Your Spells              Type           Power        Failure   Level  Hunger
a - Freeze                Ice            ####         1%          1    None
i - Summon Ice Beast      Ice/Summ       ###.....     21%         4    ####...
o - Ozocubu's Armour      Chrm/Ice       ###.....     6%          3    ##.....


Dungeon Overview and Level Annotations

Branches:
Dungeon (8/15)             Temple (1/1) D:6
   Lair: D:8-11

Altars:
Ashenzari
Dithmenos
Elyvilon
Gozag
Hepliaklqana
Nemelex Xobeh
Okawaru
Qazlal
Sif Muna
Trog
Vehumet
Wu Jian
Xom
Yredelemnul
Zin
The Shining One

Annotations:
D:5 dstrtnsr's ghost, amateur GnIE


Innate Abilities, Weirdness & Mutations

Your experience applies equally to all skills.
You have very sharp teeth.
Your uncanny sense of smell can sniff out nearby items.
You are partially covered in rugged brown scales. (AC +1, +3% HP)
You can translocate small distances at will.


Message History

Your Maces & Flails skill increases to level 3!
Your Polearms skill increases to level 3!
Your Staves skill increases to level 3!
Your Slings skill increases to level 3!
Your Bows skill increases to level 3!
Your Crossbows skill increases to level 3!
Your Throwing skill increases to level 3!
Your Armour skill increases to level 3!
Your Shields skill increases to level 3!
Your Unarmed Combat skill increases to level 3!
Your Evocations skill increases to level 3!
The killer bee closely misses your ice beast.
Your ice beast barely misses the killer bee.
The killer bee stings your ice beast.
The killer bee closely misses your ice beast.
Your ice beast completely misses the killer bee.
The killer bee closely misses your ice beast.
The orc wizard gestures at you while chanting.
The magic dart hits you!
* * * LOW HITPOINT WARNING * * *
Things that are here:
a flail; a ring mail; an orc corpse; Damage: -13%(-7hp) hp: 50%(29hp) Unknown command.
Casting: Freeze (safe; 1% risk of failure)
Confirm with . or Enter, or press ? or * to list all spells.
Aiming: Freeze (safe; 1% risk of failure)
Press: ? - help, Shift-Dir - straight line, f - orc wizard
Aim: an orc wizard, wielding a dagger and wearing a robe You freeze the orc wizard.
The orc wizard is heavily wounded.
The killer bee barely misses your ice beast.
Your ice beast hits the killer bee.
Your ice beast freezes the killer bee!
The orc wizard gestures at you while chanting.
The magic dart hits you!
* * * LOW HITPOINT WARNING * * *
Huge Dmg: -12%(-7hp) hp: 38%(22hp)
Casting: Freeze (safe; 1% risk of failure)
Confirm with . or Enter, or press ? or * to list all spells.
Aiming: Freeze (safe; 1% risk of failure)
Press: ? - help, Shift-Dir - straight line, f/p - orc wizard
Aim: an orc wizard, wielding a dagger and wearing a robe (heavily wounded)
You freeze the orc wizard.
You kill the orc wizard!
The killer bee stings your ice beast!
Your ice beast dies!
The killer bee stings you!
* * * LOW HITPOINT WARNING * * *
You are poisoned.
The killer bee poisons you!
A killer bee comes into view.
Huge Dmg: -12%(-7hp) hp: 26%(15hp)
Casting: Freeze (safe; 1% risk of failure)
Confirm with . or Enter, or press ? or * to list all spells.
A chill wind blows around you.
You feel sick. The killer bee stings you.
* * * LOW HITPOINT WARNING * * *
You are lethally poisoned!
The killer bee poisons you! The killer bee barely misses you.
You block the killer bee's attack. The killer bee misses you.
An orc priest comes into view. It is wielding a flail.
Huge Dmg: -7%(-4hp) hp: 19%(11hp)
You beseech Elyvilon to protect your life.
* * * LOW HITPOINT WARNING * * *
You feel sick. The killer bee closely misses you.
The killer bee barely misses you. The killer bee misses you.
The killer bee closely misses you.
Your ice beast misses the killer bee.
Damage: -1%(-1hp) hp: 18%(10hp) Unknown command.
Unknown command.
As you read the scroll of teleportation {!d}, it crumbles to dust.
You feel strangely unstable.
* * * LOW HITPOINT WARNING * * *
You feel sick.
The killer bee barely misses your ice beast.
The killer bee barely misses you. The killer bee closely misses you.
The killer bee stings you.
* * * LOW HITPOINT WARNING * * *
Your ice beast hits the killer bee.
Your ice beast freezes the killer bee!
Huge Dmg: -5%(-3hp) hp: 13%(7hp) It was a potion of mutation.
You feel extremely strange.
Rugged brown scales grow over part of your body.
You feel jittery.
* * * LOW HITPOINT WARNING * * *
You feel sick. The killer bee stings you.
* * * LOW HITPOINT WARNING * * *
The killer bee completely misses you. The killer bee misses you.
Your ice beast hits the killer bee.
Your ice beast freezes the killer bee!
The killer bee dies!
Elyvilon does not appreciate your shedding blood when asking for salvation!
You feel guilty. "You will pay for your transgression, mortal!"
The killer bee misses you.
Huge Dmg: -3%(-2hp) hp: 9%(5hp) Really quaff
k - a potion of ambrosia {!q}?
You are confused.
You feel invigorated.
* * * LOW HITPOINT WARNING * * *
You feel sick. The killer bee misses you. The killer bee closely misses you.
The killer bee completely misses you.
The orc priest mumbles some strange prayers to Beogh against you.
Beogh smites you!
You die...

***********,,,,,,,,,*
*,,,,,,,*#.,,≈,,,,,,***####
*,,,,,,,*#.,,,,,,,,,,,,,..#
*,,,,,,,*#..,,,,,,,,#####.###
*,,,,,,,*#..,,,,,,,,#.......#
*,,,,≈≈,*#(..****,**#...(...###
***,,≈≈,*#..o####.###..........
*,,,≈,###..).##...(..........
*,,.,,,...*#@#########.......
*,,$.$.##.##yy...............
*,,.$....y..yY.####.###.###.#
*,,......###.....##...(...#.#
*,,...[#,**#.#...##.##.##.#.#
***##.,,,,,#.....##...(##.#.(
*,,,*,,*,**#.##.......((..###
*,*,,,,*,###.†..##..##(####
*,*,,,,,,(.#.##....###)#####


You could see 3 killer bees, an orc priest and a friendly ice beast.

Vanquished Creatures
  A big kobold (D:8)
  A bullfrog (D:7)
  2 scorpions
  2 hounds
  An orc priest (D:8)
  A bullfrog skeleton (D:4)
  Terence (D:3)
  3 orc wizards
  2 worker ants
  A worker ant zombie (D:5)
  4 adders
  A gnoll (D:5)
  A shadow imp (D:7)
  An ooze (D:6)
  An adder zombie (D:6)
  4 leopard geckos
  10 orcs
  A giant cockroach (D:4)
  5 goblins
  A hobgoblin (D:1)
  5 kobolds
  2 frilled lizards (D:4)
  A leopard gecko skeleton (D:4)
  2 rats
54 creatures vanquished.

Vanquished Creatures (collateral kills)
  2 black bears
  3 ogres
  A water moccasin skeleton (D:7)
  A killer bee (D:8)
  A howler monkey (D:5)
  A bullfrog zombie (D:5)
  Ijyb (D:5)
  A bullfrog skeleton (D:6)
  2 orc wizards (D:5)
  2 worker ants
  3 gnolls (D:5)
  An orc (D:5)
  4 kobolds (D:8)
23 creatures vanquished.

Grand Total: 77 creatures vanquished

Notes
Turn   | Place    | Note
-------+----------+-------------------------------------------
     0 | D:1      | dstrtnsr the Gnoll Ice Elementalist began the quest for the Orb.
     0 | D:1      | Reached XP level 1. HP: 13/13 MP: 6/6
    78 | D:1      | Reached XP level 2. HP: 17/19 MP: 2/7
   239 | D:3      | Reached skill level 5 in Spellcasting
   239 | D:3      | Reached XP level 3. HP: 22/25 MP: 4/9
   286 | D:3      | Reached skill level 1 in Fighting
   286 | D:3      | Reached skill level 1 in Short Blades
   286 | D:3      | Reached skill level 1 in Long Blades
   286 | D:3      | Reached skill level 1 in Axes
   286 | D:3      | Reached skill level 1 in Maces & Flails
   286 | D:3      | Reached skill level 1 in Polearms
   286 | D:3      | Reached skill level 1 in Staves
   286 | D:3      | Reached skill level 1 in Slings
   286 | D:3      | Reached skill level 1 in Bows
   286 | D:3      | Reached skill level 1 in Crossbows
   286 | D:3      | Reached skill level 1 in Throwing
   286 | D:3      | Reached skill level 1 in Armour
   286 | D:3      | Reached skill level 1 in Shields
   286 | D:3      | Reached skill level 1 in Unarmed Combat
   286 | D:3      | Reached skill level 1 in Invocations
   286 | D:3      | Reached skill level 1 in Evocations
   286 | D:3      | Reached XP level 4. HP: 28/32 MP: 2/11
   293 | D:3      | Learned a level 3 spell: Ozocubu's Armour
   298 | D:3      | Learned a level 4 spell: Summon Ice Beast
   344 | D:3      | Noticed Terence
   378 | D:3      | Killed Terence
   378 | D:3      | Reached skill level 1 in Hexes
   378 | D:3      | Reached skill level 1 in Charms
   378 | D:3      | Reached skill level 1 in Summonings
   378 | D:3      | Reached skill level 1 in Necromancy
   378 | D:3      | Reached skill level 1 in Translocations
   378 | D:3      | Reached skill level 1 in Transmutations
   378 | D:3      | Reached skill level 1 in Fire Magic
   378 | D:3      | Reached skill level 1 in Air Magic
   378 | D:3      | Reached skill level 1 in Earth Magic
   378 | D:3      | Reached skill level 1 in Poison Magic
   433 | D:3      | Reached XP level 5. HP: 29/37 MP: 9/12
   497 | D:4      | Found a hazy altar of Hepliaklqana.
   507 | D:4      | Reached XP level 6. HP: 32/44 MP: 8/13
   616 | D:5      | Entered Level 5 of the Dungeon
   624 | D:4      | Found a shadowy altar of Dithmenos.
   767 | D:5      | Noticed dstrtnsr's ghost (amateur GnIE)
   848 | D:5      | Reached skill level 5 in Dodging
   849 | D:5      | HP: 11/44 [gnoll/halberd (9)]
   860 | D:5      | HP: 5/44 [gnoll/whip (8)]
  1118 | D:5      | Noticed Ijyb
  1132 | D:5      | Killed Ijyb
  1143 | D:5      | Reached XP level 7. HP: 50/50 MP: 12/15
  1274 | D:6      | Found a staircase to the Ecumenical Temple.
  1290 | Temple   | Entered the Ecumenical Temple
  1364 | Temple   | Became a worshipper of Elyvilon the Healer
  1503 | D:7      | Reached skill level 5 in Stealth
  1555 | D:7      | HP: 18/51 [black bear (8)]
  1556 | D:7      | Reached skill level 6 in Ice Magic
  1556 | D:7      | Reached XP level 8. HP: 17/57 MP: 11/16
  1631 | D:8      | Noticed a komodo dragon
  1708 | D:8      | Reached * piety under Elyvilon
  1742 | D:8      | HP: 22/58 [orc wizard/magic dart (8)]
  1745 | D:8      | HP: 10/58 [poisoned by a killer bee]
  1747 | D:8      | Gained mutation: You are partially covered in rugged brown scales. (AC +1, +3% HP) [potion of mutation]
  1747 | D:8      | Gained mutation: You can translocate small distances at will. [potion of mutation]
  1747 | D:8      | Was placed under penance by Elyvilon
  1748 | D:8      | Killed from afar by an orc priest

Vault maps used:
D:1:      denvon_arrival_planthouse
D:2:      gammafunk_temple_overflow_forgotten
D:3:      uniq_terence, uniq_robin
D:4:      kennysheep_little_box, first_ration, serial_bayou_pond_e,
          grunt_dithmenos_smoke_and_mirrors
D:5:      gup_sewer_entry_pipe, uniq_ijyb, uniq_eustachio
D:6:      lemuel_round_altar, minmay_temple_entry_nine_rooms, basic_altar
Temple:   regret_index_temple_waves

Skill      XL: |  1  2  3  4  5  6  7  8 |
---------------+-------------------------+-----
Conjurations   | 2 3 |  3.3
Spellcasting   | 5 |  5.9
Fighting       | 1 2 3 |  3.0
Short Blades   | 1 2 3 |  3.0
Long Blades    | 1 2 3 |  3.0
Axes           | 1 2 3 |  3.0
Maces & Flails | 1 2 3 |  3.0
Polearms       | 1 2 3 |  3.0
Staves         | 1 2 3 |  3.0
Slings         | 1 2 3 |  3.0
Bows           | 1 2 3 |  3.0
Crossbows      | 1 2 3 |  3.0
Throwing       | 1 2 3 |  3.0
Armour         | 1 2 3 |  3.0
Shields        | 1 2 3 |  3.0
Unarmed Combat | 1 2 3 |  3.0
Invocations    | 1 2 3 |  3.3
Evocations     | 1 2 3 |  3.0
Hexes          | 1 2 |  2.4
Charms         | 1 2 |  2.4
Summonings     | 1 2 |  2.4
Necromancy     | 1 2 |  2.4
Translocations | 1 2 |  2.4
Transmutations | 1 2 |  2.4
Fire Magic     | 1 2 |  2.4
Air Magic      | 1 2 |  2.4
Earth Magic    | 1 2 |  2.4
Poison Magic   | 1 2 |  2.4
Dodging        | 5 |  5.5
Stealth        | 5 |  5.2
Ice Magic      | 6 |  6.0

Action                   |  1- 3 |  4- 6 |  7- 9 || total
-------------------------+-------+-------+-------++-------
Melee: Dagger            |     5 |    36 |    47 ||    88
       Bite              |     1 |     6 |     7 ||    14
       Punch             |       |     1 |     1 ||     2
 Cast: Freeze            |    19 |    36 |    19 ||    74
       Summon Ice Beast  |       |     8 |    12 ||    20
       Ozocubu's Armour  |       |     2 |       ||     2
Invok: Divine Protection |       |       |     1 ||     1
  Use: Scroll            |       |     2 |     9 ||    11
       Potion            |       |       |     2 ||     2
 Stab: Sleeping          |       |     3 |     1 ||     4
  Eat: Chunk             |       |     1 |     4 ||     5
Armor: Robe              |     1 |     4 |     5 ||    10
Dodge: Dodged            |     6 |    41 |    57 ||   104
Block: Buckler           |       |       |     5 ||     5

Table legend:
 A = Spawn XP
 B = Non-spawn XP
 C = Spawn XP percentage of total XP
 D = Spawn monster count
 E = Non-spawn monster count
 F = Spawn count percentage of total count
 G = Total turns spent on level
                    A         B        C        D         E        F      G
               +---------+---------+-------+---------+---------+-------+---------
         Total |       0 |    1485 |   0.0 |       0 |      77 |   0.0 |  1748
               +---------+---------+-------+---------+---------+-------+---------
           D:1 |       0 |      10 |   0.0 |       0 |       6 |   0.0 |    90
           D:2 |       0 |       4 |   0.0 |       0 |       2 |   0.0 |    53
           D:3 |       0 |     151 |   0.0 |       0 |      14 |   0.0 |   306
           D:4 |       0 |     215 |   0.0 |       0 |      12 |   0.0 |   304
           D:5 |       0 |     288 |   0.0 |       0 |      18 |   0.0 |   435
           D:6 |       0 |     292 |   0.0 |       0 |       7 |   0.0 |   227
           D:7 |       0 |     305 |   0.0 |       0 |       6 |   0.0 |   126
           D:8 |       0 |     220 |   0.0 |       0 |      12 |   0.0 |   125
               +---------+---------+-------+---------+---------+-------+---------
